 Dungeon Crawl Stone Soup version 0.19.5 (webtiles) character file.

24478 sveltemanboy the Impaler (level 12, -1/83 HPs)
             Began as a Demonspawn Monk on Apr 5, 2017.
             Was a High Priest of Okawaru.
             Slain by a hog (4 damage)
             ... led by Kirke
             ... on level 3 of the Lair of Beasts.
             The game lasted 00:45:17 (20587 turns).

sveltemanboy the Impaler (Demonspawn Monk)         Turns: 20587, Time: 00:45:18

Health: -1/83      AC:  0    Str: 16 (17) XL:     12   Next: 81%
Magic:  17/17      EV: 15    Int: 10 (12) God:    Okawaru [*****.]
Gold:   651        SH:  0    Dex: 13 (15) Spells: 0 memorised, 11 levels left

rFire  . . .     SeeInvis .     (weapon currently unavailable)
rCold  . . .     Gourm    .     (armour currently unavailable)
rNeg   . . .     Faith    .     (shield currently unavailable)
rPois  .         Spirit   .     (helmet currently unavailable)
rElec  .         Reflect  .     (cloak currently unavailable)
rCorr  .         Harm     .     (gloves currently unavailable)
MR     .....                    (boots currently unavailable)
Stlth  ++........               x - amulet of rage
                                (ring currently unavailable)
                                (ring currently unavailable)

@: about to teleport, pig-form, studying 2 skills, very quick
A: (hooves 0), (yellow scales 0), demonic guardian 2, powered by death 2
a: Heroism, Finesse, Renounce Religion, Evoke Berserk Rage


You were on level 3 of the Lair of Beasts.
You worshipped Okawaru.
Okawaru was extremely pleased with you.
You were not hungry.
You were a filthy swine.
You visited 3 branches of the dungeon, and saw 16 of its levels.
You also visited: Bailey.

You collected 888 gold pieces.
You spent 237 gold pieces at shops.

Inventory:

Hand Weapons
 r - a +1 glaive of flaming (melded)
Armour
 f - a +0 cloak (melded)
 h - the +0 pair of gloves of Yntoed {rPois Regen+ Int-2 Dex+4}
   (You bought it in a shop on level 10 of the Dungeon)

   It affects your intelligence (-2).
   It affects your dexterity (+4).
   It protects you from poison.
   It increases your rate of regeneration.
 k - a +0 scale mail (melded)
 m - a +1 helmet (melded)
 M - a +0 crystal plate armour
 O - the +1 pair of gloves of Agoraphobia (melded) {rPois rC++ MR- Slay+2}
   (Okawaru gifted it to you on level 3 of the Lair of Beasts)

   It affects your accuracy and damage with ranged weapons and melee attacks
   (+2).
   It greatly protects you from cold.
   It protects you from poison.
   It affects your resistance to hostile enchantments.
Jewellery
 u - a +3 ring of protection (melded)
 x - an amulet of rage (around neck)
 z - a ring of magical power (melded)
Wands
 o - a wand of lightning (9/15)
 p - a wand of lightning (10/15)
 s - a wand of teleportation (5/9)
 y - a wand of heal wounds (4/9)
 B - a wand of paralysis (10/24)
 H - a wand of digging (9/24)
 L - a wand of polymorph (1/24)
Scrolls
 b - a scroll of magic mapping
 d - a scroll of fog {unknown}
 e - a scroll of fear
 i - 6 scrolls of enchant weapon
 t - 5 scrolls of teleportation
 w - 2 scrolls of recharging
 A - 2 scrolls of amnesia
 D - a scroll of enchant armour
 N - a scroll of remove curse
 P - 3 scrolls of identify
Potions
 l - 2 potions of cancellation
 n - 2 potions of flight
 q - a potion of agility
 C - a potion of berserk rage
 E - 2 potions of resistance {unknown}
 G - a potion of magic
 I - a potion of curing
Books
 j - a manual of Fighting
 F - a manual of Armour
Comestibles
 a - 4 beef jerkies
 c - 12 bread rations
 g - 7 meat rations
 v - 8 slices of pizza
 J - 2 royal jellies


   Skills:
 - Level 4.0 Fighting
 * Level 17.3 Polearms
 - Level 5.2 Armour
 - Level 3.1 Dodging
 - Level 1.7 Stealth
 - Level 7.0 Invocations


You had 11 spell levels left.
You didn't know any spells.

Dungeon Overview and Level Annotations

Branches:
Dungeon (11/15)            Temple (1/1) D:7            Lair (4/6) D:10
  Swamp (0/4) Lair:3          Orc (0/2) D:9
  Snake: Lair:2-4    Spider: Lair:2-4

Altars:
Ashenzari
Cheibriados
Dithmenos
Elyvilon
Fedhas
Gozag
Hepliaklqana
Kikubaaqudgha
Makhleb
Nemelex Xobeh
Okawaru
Qazlal
Ru
Sif Muna
Trog
Uskayaw
Vehumet
Xom
Yredelemnul
Zin
The Shining One
Lugonu

Shops:
D:10 [

Annotations:
Lair:4 Kirke


Innate Abilities, Weirdness & Mutations

((You have large cloven feet.))
((You are completely covered in yellow scales. (AC +4, rCorr)))
A demonic guardian rushes to your aid.
You regenerate health from kills.


Message History

Your +0 cloak melds into your body.
Your +1 helmet melds into your body.
The +1 pair of gloves of Agoraphobia {rPois rC++ MR- Slay+2} melds into your body.
Your +0 scale mail melds into your body.
Your +3 ring of protection melds into your body.
Your ring of magical power melds into your body.
Your +1 glaive of flaming stops flaming.
You feel your magic capacity decrease. The hog bites you.
Your soul eater hits the plant!!
The hog bites you! The hog bites you. Something hits you!
* * * LOW HITPOINT WARNING * * *
Your soul eater hits the plant!
The plant is destroyed!
The hog barely misses you.
You climb upwards.
Your summoned ally is left behind.
There is a stone staircase leading down here.
As you read the scroll of teleportation, it crumbles to dust.
You feel strangely unstable. The hog barely misses you. Something hits you!
* * * LOW HITPOINT WARNING * * *
The hog bites you.
You die...

....###....###....####...........
....# #....##.......##......##...
....# #....#..........#.....###..
....###..#............#.##.####..
.............#..........#### #...
........#...###.⌠.##....# #P..
........#..####...####..## #P..
...........#.......###...# #P..
..§....#<.⌠....hh..##.⌠.<### ##..
§§.#####...#...h...###.....###...
§§§§####....###...####..#####..#.
§§>.##..#...###.⌠.###............
§§......##........#....#.........
§...##....#...........##.......##
..#.###..#.#.........#...P.......
...###..............##...........
..####.......##...####...#.......


You could see 2 hogs.

Vanquished Creatures
  A hill giant (D:10)
  3 ugly things
  2 manticores
  2 centaur zombies
  2 black mambas (Lair:2)
  An elephant (D:10)
  6 spiny frogs
  4 komodo dragons
  A troll (D:11)
  Prince Ribbit (D:6)
  6 blink frogs
  2 hippogriffs
  9 yaks
  A steam dragon (D:8)
  A wyvern (D:11)
  2 hogs
  4 water moccasins
  5 porcupines
  14 orc warriors
  An ice beast (D:9)
  A slave (D:8)
  3 sky beasts
  A black bear (D:8)
  5 ogres
  2 phantoms
  9 centaurs
  5 wolves (Lair:2)
  6 crocodiles
  2 big kobolds
  8 bullfrogs
  A water moccasin zombie (D:11)
  Dowan (D:6)
  3 scorpions
  A killer bee (Lair:3)
  11 wights
  3 electric eels
  A howler monkey (D:5)
  6 crimson imps
  4 jellies
  2 quasits
  3 orc priests
  3 hounds
  A bullfrog skeleton (D:10)
  2 centaur skeletons
  Natasha (twice) (D:3)
  4 iguanas
  6 worker ants
  14 orc wizards
  A hound zombie (D:8)
  A hound skeleton (D:10)
  Robin (D:2)
  A howler monkey zombie (D:6)
  9 gnolls
  A howler monkey skeleton (D:11)
  7 adders
  2 shadow imps
  11 oozes
  An adder zombie (D:8)
  An adder skeleton (D:6)
  2 worms (D:2)
  3 dart slugs
  9 leopard geckos
  60 orcs
  7 giant cockroaches
  16 goblins
  4 hobgoblins
  14 jackals
  21 kobolds
  5 quokkas
  A ball python (D:3)
  9 bats
  9 frilled lizards
  A quokka zombie (D:6)
  9 rats
  A plant (D:6)
385 creatures vanquished.

Vanquished Creatures (collateral kills)
  Erolcha (D:9)
  Harold (D:10)
  2 hydras (Lair:3)
  3 hill giants
  Pikel (D:8)
  An orc knight (Bailey)
  An oklob plant (Lair:3)
  A black mamba (Lair:2)
  2 centaur zombies (D:11)
  4 blink frogs (Lair:2)
  A hippogriff (Lair:3)
  A human (D:7)
  11 yaks
  A basilisk (Lair:2)
  3 hogs (D:7)
  A soldier ant (D:11)
  Duvessa (D:6)
  A porcupine (Lair:3)
  4 orc warriors
  The ghost of Exporg the Shield-Bearer, an amateur MiFi (D:3)
  2 ogres
  4 centaurs (D:11)
  A big kobold (D:11)
  A bullfrog (D:11)
  2 crimson imps
  Crazy Yiuf (D:2)
  An orc priest (D:11)
  2 jellies (Lair:3)
  A bullfrog skeleton (D:11)
  2 worker ants (D:11)
  Natasha (D:3)
  4 orc wizards (D:11)
  6 gnolls
  6 oozes (Lair:3)
  3 orcs
  A giant cockroach (D:7)
  A kobold (D:11)
  A plant (Lair:4)
82 creatures vanquished.

Vanquished Creatures (others)
  2 crimson imps (D:8)
  A jelly (D:8)
  A hound (D:8)
  A shadow imp (D:8)
  7 fungi (Lair:3)
  A plant (Lair:3)
13 creatures vanquished.

Grand Total: 480 creatures vanquished

Notes
Turn   | Place    | Note
-------+----------+-------------------------------------------
     0 | D:1      | sveltemanboy the Demonspawn Monk began the quest for the Orb.
     0 | D:1      | Reached XP level 1. HP: 18/18 MP: 1/1
   198 | D:1      | Gained mutation: A weak demonic guardian rushes to your aid. [demonic ancestry]
   198 | D:1      | Reached XP level 2. HP: 18/24 MP: 2/2
   352 | D:1      | Reached skill level 1 in Armour
   908 | D:2      | Gained mutation: You regenerate a little health from kills. [demonic ancestry]
   908 | D:2      | Reached XP level 3. HP: 28/29 MP: 3/3
  1117 | D:2      | Noticed Robin
  1254 | D:2      | HP: 1/29 [gnoll/halberd (8)]
  1278 | D:2      | Gained mutation: You have large cloven feet. [demonic ancestry]
  1278 | D:2      | Reached XP level 4. HP: 13/36 MP: 4/4
  1502 | D:2      | Reached skill level 3 in Polearms
  1608 | D:2      | Killed Robin
  1877 | D:2      | Found a runed door.
  2175 | D:2      | Noticed Crazy Yiuf
  2181 | D:2      | Killed Crazy Yiuf
  2330 | D:3      | Reached XP level 5. HP: 33/42 MP: 5/5
  2544 | D:3      | Noticed Exporg's ghost (amateur MiFi)
  3208 | D:3      | Noticed Natasha
  3240 | D:3      | Killed Natasha
  3273 | D:3      | Reached skill level 4 in Polearms
  3516 | D:3      | Noticed Natasha
  3524 | D:3      | Killed Natasha
  3565 | D:3      | Noticed Natasha
  3778 | D:3      | Killed Exporg's ghost
  3778 | D:3      | Reached XP level 6. HP: 25/48 MP: 6/6
  3979 | D:3      | Killed Natasha
  4188 | D:3      | Found a faded altar of an unknown god.
  4519 | D:3      | Reached skill level 5 in Polearms
  4947 | D:4      | Found a shadowy altar of Dithmenos.
  4962 | D:4      | Gained mutation: You are partially covered in yellow scales. (AC +2) [demonic ancestry]
  4962 | D:4      | Reached XP level 7. HP: 54/54 MP: 7/7
  5015 | D:4      | You fall through a shaft for 3 floors!
  5075 | D:7      | Reached skill level 6 in Polearms
  5321 | D:6      | Noticed Duvessa
  5423 | D:6      | Killed Duvessa
  5510 | D:6      | Gained mutation: A demonic guardian rushes to your aid. [demonic ancestry]
  5510 | D:6      | Reached XP level 8. HP: 53/60 MP: 8/8
  5629 | D:6      | Reached skill level 7 in Polearms
  5776 | D:6      | Noticed Prince Ribbit
  5788 | D:6      | Killed Prince Ribbit
  5788 | D:6      | Reached skill level 5 in Armour
  5973 | D:6      | Noticed Dowan
  5993 | D:5      | Entered Level 5 of the Dungeon
  6292 | D:4      | Reached skill level 8 in Polearms
  6418 | D:4      | Found a snail-covered altar of Cheibriados.
  7278 | D:5      | Reached skill level 9 in Polearms
  7458 | D:5      | Found an opulent altar of Gozag.
  7641 | D:6      | Killed Dowan
  7641 | D:6      | Gained mutation: You are mostly covered in yellow scales. (AC +3) [demonic ancestry]
  7641 | D:6      | Reached XP level 9. HP: 43/65 MP: 9/9
  8629 | D:7      | Reached skill level 10 in Polearms
  8901 | D:7      | Found a glowing golden altar of the Shining One.
  8909 | D:7      | Found a basalt altar of Yredelemnul.
  8911 | D:7      | Noticed a profane servitor
  9348 | D:7      | Reached skill level 11 in Polearms
  9452 | D:7      | Found a staircase to the Ecumenical Temple.
  9509 | Temple   | Entered the Ecumenical Temple
  9541 | Temple   | Became a worshipper of Warmaster Okawaru
  9541 | Temple   | Reached * piety under Okawaru
  9541 | Temple   | Reached ** piety under Okawaru
  9723 | D:7      | Found a blossoming altar of Fedhas.
  9782 | D:7      | Noticed an angel
  9804 | D:8      | Noticed Pikel
  9805 | D:8      | Reached skill level 1 in Invocations
  9813 | D:8      | Killed Pikel
  9906 | D:8      | Reached XP level 10. HP: 66/71 MP: 12/12
 10884 | D:9      | Noticed Erolcha
 10897 | D:9      | Killed Erolcha
 10897 | D:9      | Reached skill level 12 in Polearms
 10938 | D:9      | Found a flagged portal.
 10993 | Bailey   | Entered a bailey
 11058 | Bailey   | Reached *** piety under Okawaru
 12460 | Bailey   | Noticed an orc knight
 12519 | Bailey   | Killed an orc knight
 12519 | Bailey   | Reached **** piety under Okawaru
 12594 | D:9      | Got a steaming ring mail
 12605 | D:9      | Identified the +0 ring mail of Ideoruh {MR+ Str-4 Int+4} (You found it on level 9 of the Dungeon)
 12837 | D:9      | Found a shattered altar of Ashenzari.
 12871 | D:9      | Reached skill level 13 in Polearms
 13537 | D:9      | Found a bloodstained altar of Trog.
 13541 | D:9      | Found a shimmering altar of Xom.
 13542 | D:9      | Found a hazy altar of Hepliaklqana.
 13542 | D:9      | Found an ancient bone altar of Kikubaaqudgha.
 13608 | D:9      | Found a glowing silver altar of Zin.
 13610 | D:9      | Found a radiant altar of Vehumet.
 13810 | D:9      | Found a staircase to the Orcish Mines.
 14037 | D:10     | Entered Level 10 of the Dungeon
 14234 | D:10     | Noticed a manticore
 14241 | D:10     | Killed a manticore
 14325 | D:10     | Noticed Harold
 14330 | D:10     | Reached ***** piety under Okawaru
 14330 | D:10     | Gained mutation: You are completely covered in yellow scales. (AC +4, rCorr) [demonic ancestry]
 14330 | D:10     | Reached XP level 11. HP: 77/77 MP: 14/14
 14357 | D:10     | Killed Harold
 14357 | D:10     | Received a gift from Okawaru
 14566 | D:10     | Found Kikul's Antique Armour Emporium.
 14569 | D:10     | Bought a pair of crude gloves for 237 gold pieces
 14579 | D:10     | Identified the +0 pair of gloves of Yntoed {rPois Regen+ Int-2 Dex+4} (You bought it in a shop on level 10 of the Dungeon)
 14798 | D:10     | Noticed a hill giant
 14805 | D:10     | Killed a hill giant
 14813 | D:10     | Found a staircase to the Lair.
 14846 | D:10     | Reached skill level 14 in Polearms
 14846 | D:10     | Reached skill level 5 in Invocations
 14975 | D:10     | Noticed a hill giant
 14990 | D:10     | Killed a hill giant
 15191 | D:10     | Noticed a cyan ugly thing
 15206 | D:10     | Killed a cyan ugly thing
 15760 | D:11     | Received a gift from Okawaru
 15861 | D:11     | Received a gift from Okawaru
 15897 | D:11     | Found a sacrificial altar of Ru.
 16039 | D:11     | Noticed a hill giant
 16041 | D:11     | Killed a hill giant
 16064 | D:11     | Noticed a red ugly thing
 16064 | D:11     | Noticed a green ugly thing
 16081 | D:11     | Killed a red ugly thing
 16081 | D:11     | Reached skill level 15 in Polearms
 16117 | D:11     | Killed a red ugly thing
 16238 | D:11     | Noticed a hill giant
 16240 | D:11     | Killed a hill giant
 16552 | Lair:1   | Entered Level 1 of the Lair of Beasts
 16891 | Lair:1   | Found a dark tunnel.
 16958 | Lair:1   | Gained mutation: You regenerate health from kills. [demonic ancestry]
 16958 | Lair:1   | Reached XP level 12. HP: 81/83 MP: 17/17
 18128 | Lair:2   | Reached skill level 16 in Polearms
 18265 | Lair:2   | Reached ****** piety under Okawaru
 18617 | Lair:3   | Received a gift from Okawaru
 18630 | Lair:3   | Got a pair of faintly glowing gloves {god gift}
 18641 | Lair:3   | Identified the +1 pair of gloves of Agoraphobia {rPois rC++ MR- Slay+2} (Okawaru gifted it to you on level 3 of the Lair of Beasts)
 19374 | Lair:3   | Noticed a seven-headed hydra
 19378 | Lair:3   | Killed a five-headed hydra
 19467 | Lair:3   | Noticed a four-headed hydra
 19498 | Lair:3   | Killed a four-headed hydra
 19700 | Lair:3   | Found a staircase to the Swamp.
 19786 | Lair:3   | Reached skill level 17 in Polearms
 20571 | Lair:4   | Noticed Kirke
 20587 | Lair:3   | HP: 3/83 [something (16)]
 20587 | Lair:3   | Slain by a hog

Skill      XL: |  1  2  3  4  5  6  7  8  9 10 11 12 |
---------------+-------------------------------------+-----
Armour         | 1 2 3 4 5 |  5.2
Dodging        | 3 |  3.1
Polearms       | 3 4 5 6 9 11 13 15 17 | 17.3
Fighting       | 4 |  4.0
Invocations    | 2 4 7 |  7.0
Stealth        | |  1.7

Action                   |  1- 3 |  4- 6 |  7- 9 | 10-12 || total
-------------------------+-------+-------+-------+-------++-------
Melee: Spear             |   131 |   250 |       |       ||   381
       Kick              |       |    74 |   115 |   205 ||   394
       Halberd           |       |   128 |   489 |       ||   617
       Glaive            |       |       |    12 |   618 ||   630
       Trident           |       |       |       |   356 ||   356
Invok: Heroism           |       |       |       |     1 ||     1
Evoke: Wand              |       |       |       |     4 ||     4
  Use: Scroll            |     1 |     5 |     7 |    12 ||    25
       Potion            |       |       |     3 |     8 ||    11
 Stab: Sleeping          |     3 |       |       |       ||     3
       Distracted        |       |     1 |       |     6 ||     7
  Eat: Chunk             |     1 |    13 |    11 |    32 ||    57
       Fruit             |       |       |     5 |     4 ||     9
Armor: Robe              |     2 |       |       |       ||     2
       Ring mail         |     8 |    85 |   163 |       ||   256
       Scale mail        |       |       |     6 |   332 ||   338
Dodge: Dodged            |    44 |   210 |   275 |   365 ||   894
